 Dungeon Crawl Stone Soup version 0.15-a0-53-g5e01d95 (webtiles) character file.

281 Qrupt the Charmwright (level 4, 0/29 HPs)
             Began as a High Elf Skald on Apr 4, 2014.
             Succumbed to an orc wizard's poison
             ... on Level 3 of the Dungeon.
             The game lasted 00:09:19 (2886 turns).

Qrupt the Charmwright (High Elf Skald)              Turns: 2886, Time: 00:09:19

HP   0/29        AC  5     Str 18      XL: 4   Next: 69%
MP  11/13        EV 12     Int 15      God:
Gold 165         SH  0     Dex 16      Spells:  3 memorised,  4 levels left

rFire  + + .     SeeInvis .     a - +0 falchion
rCold  + . .     Clarity  .     b - +0 leather armour
rNeg   . . .     Conserve .     (no shield)
rPois  +         rCorr    +     y - +1 helmet
rElec  +         rRot     .     (no cloak)
SustAb . .       Spirit   .     (no gloves)
rMut   .         Warding  .     (no boots)
Saprov . . .     Stasis   .     A - amulet of resist corrosion
MR     .....                    (no ring)
                                (no ring)

@: mighty, lethally poisoned, not resistant to hostile enchantments, unstealthy
A: carnivore 1, fire resistance 1, strong 1
a: no special abilities


You were on level 3 of the Dungeon.
You were hungry.

You visited 1 branch of the dungeon, and saw 3 of its levels.

You collected 165 gold pieces.

Inventory:

Hand weapons
 a - a +0,+0 falchion (weapon)
Missiles
 i - 10 poisoned needles
 q - 2 tomahawks of returning (quivered)
Armour
 b - a +0 leather armour (worn)
 y - a +1 helmet (worn)
Magical devices
 v - a wand of random effects (11)
Comestibles
 d - 5 bread rations
 p - 2 chokos
 s - 2 meat rations
 B - a rotting chunk of hobgoblin flesh
Scrolls
 e - 2 scrolls of random uselessness {unknown}
 f - a scroll of noise {unknown}
 h - a scroll of remove curse {unknown}
 l - a scroll of teleportation {unknown}
 m - a scroll of enchant weapon I {unknown}
 n - a scroll of fear
 t - a scroll of amnesia
 u - a scroll of blinking {unknown}
 w - a scroll of identify
 x - 2 scrolls of magic mapping
 z - a scroll of immolation {unknown}
Jewellery
 A - an amulet of resist corrosion (around neck)
Potions
 k - a potion of lignification {unknown}
 o - a potion of degeneration {unknown}
 r - a potion of cure mutation {unknown}
Books
 c - a book of Battle

   Spells                             Type                      Level
   *Infusion                          Charms                       1
   *Shroud of Golubria                Charms/Translocation         2
   Song of Slaying                    Charms                       2
   *Spectral Weapon                   Hexes/Charms                 3
   Regeneration                       Charms/Necromancy            3


   Skills:
 - Level 2.0 Fighting
 + Level 3.5 Long Blades
 - Level 0.8 Armour
 + Level 2.7 Dodging
 + Level 3.5 Spellcasting
 + Level 4.3 Charms


You had 4 spell levels left.
You knew the following spells:

 Your Spells              Type           Power        Failure   Level  Hunger
a - Infusion              Chrm           ###...       3%          1    None
b - Shroud of Golubria    Chrm/Tloc      #.........   12%         2    ##.....
c - Spectral Weapon       Hex/Chrm       #.......     24%         3    ###....


Dungeon Overview and Level Annotations

Branches:
Dungeon (3/15)

Altars:


Innate Abilities, Weirdness & Mutations

Your digestive system is specialised to digest meat.
Your flesh is heat resistant.
Your muscles are strong. (Str +2)


Message History

The orc wizard flickers and vanishes!
Deactivating autopickup; reactivate with Ctrl-A.
You hit something. Something hits you.
* * * LOW HITPOINT WARNING * * *
You are lethally poisoned!
You miss something.
* * * LOW HITPOINT WARNING * * *
You feel sick.
You hear some strange, mumbled words.
You feel troubled.
You miss something. Something hits you.
* * * LOW HITPOINT WARNING * * *
Something hits you but does no damage.
You are more poisoned.
Drink which item? (? for menu, Esc to quit)
You feel protected.
* * * LOW HITPOINT WARNING * * *
You feel sick. Something hits you but does no damage.
You slash something!
You die...

..........#.#.##....#.### *....,
................o.o.....,,,.....
..........#.........#.####.......
......................)........>.
..........###.##....#.####.......
........%)###.##....#.# *,#....,
..........#......####.# *,*,o..,
..........#......# #.# *,*,,,.,
..........#.....@####.####.#.,,,,
.................{............,,,
..........#.....#####.####.##****
..............................,,,
#......####.....#####.####.##****
.......##############.####.#
...........................#
.......##############.######
......................#


You could see an orc wizard and an orc (fleeing).

Vanquished Creatures
  An orc priest (D:3)
  2 adders (D:2)
  A giant mite (D:3)
  8 orcs (D:3)
  3 bats
  4 giant cockroaches
  10 hobgoblins
  2 quokkas
  2 giant newts (D:1)
  8 goblins
  5 kobolds
  7 rats
53 creatures vanquished.

Notes
Turn   | Place    | Note
--------------------------------------------------------------
     0 | D:1      | Qrupt, the High Elf Skald, began the quest for the Orb.
     0 | D:1      | Reached XP level 1. HP: 14/14 MP: 4/4
   157 | D:1      | Reached XP level 2. HP: 14/19 MP: 6/6
  1049 | D:1      | Learned a level 2 spell: Shroud of Golubria
  1058 | D:2      | Reached skill level 4 in Charms
  1058 | D:2      | Reached XP level 3. HP: 22/24 MP: 1/9
  1247 | D:2      | Gained mutation: Your muscles are strong. (Str +2) [potion of mutation]
  1247 | D:2      | Gained mutation: Your digestive system is specialised to digest meat. [potion of mutation]
  1247 | D:2      | Gained mutation: Your flesh is heat resistant. [potion of mutation]
  1893 | D:2      | Learned a level 3 spell: Spectral Weapon
  2223 | D:3      | HP: 1/24 [orc/dagger (3)]
  2224 | D:3      | Reached XP level 4. HP: 1/29 MP: 6/12
  2885 | D:3      | HP: 1/29 [poisoned by an orc wizard]
  2886 | D:3      | Succumbed to an orc wizard's poison

Action                   |  1- 3 |  4- 6 || total
-------------------------+-------+-------++-------
Melee: Falchion          |   174 |    57 ||   231
 Cast: Shroud of Golubri |     5 |     1 ||     6
       Infusion          |     2 |     1 ||     3
Evoke: Wand              |     1 |       ||     1
  Use: Potion            |     5 |     3 ||     8
       Scroll            |       |     5 ||     5
 Stab: Sleeping          |     1 |       ||     1
